 Dungeon Crawl Stone Soup version 0.17.0-7-gfadd4cc (webtiles) character file.

4686 septik the Basher (level 10, -3/84 HPs)
             Began as a Gargoyle Fighter on Nov 8, 2015.
             Was a Follower of Okawaru.
             Slain by a yak (5 damage)
             ... on level 10 of the Dungeon.
             The game lasted 00:35:02 (11056 turns).

septik the Basher (Gargoyle Fighter)               Turns: 11056, Time: 00:35:02

Health: -3/84      AC: 25    Str: 21    XL:     10   Next: 44%
Magic:  10/10      EV:  2    Int: 11    God:    Okawaru [*.....]
Gold:   492        SH:  7    Dex: 11    Spells: 0 memorised, 9 levels left

rFire  . . .     SeeInvis .     J - -2 hunting sling (curse)
rCold  . . .     Clarity  .     (armour currently unavailable)
rNeg   + + +     SustAt   .     o - +0 buckler
rPois  ∞         Gourm    .     (helmet currently unavailable)
rElec  .         Spirit   .     (cloak currently unavailable)
rCorr  .         Warding  .     (gloves currently unavailable)
rMut   .         NoTele   +     (boots currently unavailable)
MR     +....                    (no amulet)
Stlth  ++++......               D - ring of protection from magic
                                (no ring)

@: tree-form, heroism, somewhat resistant to hostile enchantments, stealthy
A: (big wings), clever 1, negative energy resistance 1, (electricity
resistance), (unbreathing), petrification resistance, rot immunity, AC +7
a: Heroism, Renounce Religion


You were on level 10 of the Dungeon.
You worshipped Okawaru.
Okawaru was aware of your devotion.
You were not hungry.
You were a tree.
You visited 2 branches of the dungeon, and saw 11 of its levels.
You also visited: Sewer.

You collected 492 gold pieces.

Inventory:

Hand Weapons
 a - a +4 whip
 b - a +0 hunting sling
 x - a +0 flail
 F - a +4 demon whip of venom
 J - a cursed -2 hunting sling (weapon)
Missiles
 g - 83 stones (quivered)
 h - a throwing net
 n - 5 sling bullets
 K - 8 steel sling bullets
Armour
 c - a +0 shield
 d - a +0 plate armour (melded)
 m - a +0 chain mail
 o - a +0 buckler (worn)
 q - a +2 pair of boots (melded)
 I - a +0 cloak (melded)
Jewellery
 y - an uncursed ring of stealth
 A - a cursed ring of teleportation {unknown}
 D - a ring of protection from magic (right branch)
 N - an uncursed ring of flight {unknown}
Wands
 j - a wand of random effects (28)
 M - a wand of cold (11)
Scrolls
 f - 2 scrolls of recharging
 i - a scroll of teleportation
 B - 2 scrolls of amnesia
 E - 2 scrolls of identify
 L - a scroll of magic mapping
Potions
 l - a potion of lignification
 s - a potion of cure mutation {unknown}
 u - 2 potions of flight {unknown}
 v - 10 potions of curing {unknown}
 z - 3 potions of brilliance {unknown}
 C - 2 potions of resistance {unknown}
 G - a potion of magic {unknown}
 H - a potion of cancellation {unknown}
Comestibles
 e - 3 bread rations
 k - 6 beef jerkies
 p - 2 slices of pizza
 r - a meat ration
 t - 8 fruits


   Skills:
 - Level 3.2(8.2) Fighting
 + Level 12.7(17.7) Maces & Flails
 - Level 3.2(8.2) Armour
 - Level 9.0(14.0) Shields


You had 9 spell levels left.
You didn't know any spells.

Dungeon Overview and Level Annotations

Branches:
Dungeon (10/15)            Temple (1/1) D:7             Orc (0/4) D:9
   Lair: D:8-11

Altars:
Ashenzari
Cheibriados
Dithmenos
Elyvilon
Fedhas
Gozag
Kikubaaqudgha
Makhleb
Nemelex Xobeh
Okawaru
Qazlal
Ru
Sif Muna
Trog
Vehumet
Xom
Yredelemnul
Zin
The Shining One

Shops:
D:6 !

Annotations:
D:9 Pikel


Innate Abilities, Weirdness & Mutations

You are resistant to torment.
((Your stone body is resilient (AC +7).))
You are immune to poison.
You resist negative energy.
((You are resistant to electric shocks.))
((You can survive without breathing.))
You are immune to petrification.
You are immune to rotting.
((Your large and strong wings let you fly indefinitely.))
Your mind is acute. (Int +2)


Message History

Really attack while wielding your cursed -2 hunting sling?
You clumsily bash the yak but do no damage.
The yak is heavily wounded.
The yak completely misses you. The yak gores you but does no damage.
You clumsily bash the yak but do no damage.
The yak is heavily wounded.
You block the yak's attack.
A yak is nearby!
A yak is nearby!
A yak is nearby!
A yak is nearby!
You clumsily bash the yak but do no damage.
The yak is heavily wounded.
The yak gores you!
* * * LOW HITPOINT WARNING * * *
The yak gores you but does no damage.
You clumsily bash the yak but do no damage.
The yak is heavily wounded.
The yak gores you.
You die...

#########
#####.......#######
#.♣Y....(#........r
#.###.##...$#######
#.# #.#####.# # #.#
#.### #.# #
###.###.... ..# #
#......## ### ##
#.#.##.# #. #...#
.# ####### #Y #..##
#.....# #.


You could see a yak.

Vanquished Creatures
  A troll (D:9)
  Sigmund (D:5)
  2 yaks (D:10)
  A wraith (D:5)
  A hippogriff (D:8)
  A water moccasin (D:8)
  4 orc warriors
  3 black bears (D:9)
  2 ice beasts (D:7)
  2 sky beasts
  2 phantoms
  A wasp (D:9)
  3 ogres
  2 big kobolds
  3 centaurs
  4 giant frogs
  3 scorpions
  A jelly (D:7)
  2 crimson imps
  2 orc priests
  Ijyb (D:2)
  6 orc wizards
  8 hounds
  4 iguanas
  A wasp zombie (D:7)
  3 worker ants
  A giant frog skeleton (D:4)
  An iron imp (D:8)
  A hound zombie (D:8)
  A hound skeleton (D:4)
  A worker ant zombie (D:8)
  12 adders
  10 gnolls
  3 river rats
  2 shadow imps (D:6)
  3 oozes
  An adder skeleton (D:8)
  3 worms
  8 giant geckos
  27 orcs
  2 ball pythons
  6 goblins
  2 hobgoblins (D:1)
  15 jackals
  6 bats
  4 giant cockroaches
  2 giant gecko skeletons
  3 giant newts
  14 kobolds
  5 quokkas
  12 rats
209 creatures vanquished.

Vanquished Creatures (others)
  11 fungi (D:10)
  16 plants (D:10)
27 creatures vanquished.

Grand Total: 236 creatures vanquished

Notes
Turn   | Place    | Note
--------------------------------------------------------------
     0 | D:1      | septik the Gargoyle Fighter began the quest for the Orb.
     0 | D:1      | Reached XP level 1. HP: 14/14 MP: 1/1
   371 | D:1      | Reached XP level 2. HP: 19/19 MP: 2/2
   560 | D:1      | Reached XP level 3. HP: 23/23 MP: 3/3
  1077 | D:2      | Reached skill level 4 in Maces & Flails
  1122 | D:2      | Noticed Ijyb
  1131 | D:2      | Killed Ijyb
  1131 | D:2      | Reached XP level 4. HP: 25/28 MP: 4/4
  1507 | D:2      | Noticed an earth elemental
  1509 | D:2      | Found a stormy altar of Qazlal.
  1510 | D:2      | Noticed a fire elemental
  1510 | D:2      | Noticed an air elemental
  1510 | D:2      | Noticed a water elemental
  1627 | D:2      | Found a deep blue altar of Sif Muna.
  1629 | D:2      | Found a burning altar of Makhleb.
  1677 | D:3      | Found a shimmering altar of Xom.
  1677 | D:3      | Found a shimmering altar of Xom.
  1678 | D:3      | Found a shimmering altar of Xom.
  1679 | D:3      | Found a shimmering altar of Xom.
  1680 | D:3      | Found a shimmering altar of Xom.
  1680 | D:3      | Found a shimmering altar of Xom.
  1681 | D:3      | Found a shimmering altar of Xom.
  1758 | D:3      | Found a glowing drain.
  1770 | Sewer    | Entered a sewer
  1779 | Sewer    | Reached XP level 5. HP: 24/32 MP: 5/5
  2096 | Sewer    | Noticed a big kobold
  2130 | Sewer    | Killed a big kobold
  2130 | Sewer    | Reached skill level 5 in Maces & Flails
  2192 | Sewer    | Found a white marble altar of Elyvilon.
  2410 | D:3      | Reached XP level 6. HP: 31/37 MP: 6/6
  2452 | D:3      | Found a glowing golden altar of the Shining One.
  2577 | D:3      | Found a sparkling altar of Nemelex Xobeh.
  2863 | D:4      | Reached skill level 5 in Shields
  2959 | D:4      | Reached skill level 6 in Maces & Flails
  3386 | D:4      | Reached XP level 7. HP: 41/41 MP: 7/7
  3673 | D:4      | Found a shadowy altar of Dithmenos.
  3908 | D:5      | Entered Level 5 of the Dungeon
  4051 | D:5      | Noticed a wraith
  4104 | D:5      | Killed a wraith
  4415 | D:5      | Reached skill level 7 in Maces & Flails
  4486 | D:5      | Reached XP level 8. HP: 33/46 MP: 8/8
  4679 | D:5      | Noticed Sigmund
  4723 | D:5      | Killed Sigmund
  4785 | D:5      | Gained mutation: Your magical capacity is low (-10% MP). [mutagenic meat]
  4786 | D:5      | Gained mutation: Your mind is acute. (Int +2) [mutagenic meat]
  4787 | D:5      | Lost mutation: Your magical capacity is low (-10% MP). [mutagenic meat]
  4788 | D:5      | Gained mutation: Your large and strong wings let you fly indefinitely. [mutagenic meat]
  4929 | D:6      | Found Efik's Distillery.
  5331 | D:6      | Reached skill level 8 in Maces & Flails
  5514 | D:6      | HP: 1/46 [ogre/giant club (10)]
  6065 | D:7      | Reached XP level 9. HP: 37/51 MP: 9/9
  6285 | D:7      | Found a staircase to the Ecumenical Temple.
  6325 | Temple   | Entered the Ecumenical Temple
  6329 | Temple   | Became a worshipper of Warmaster Okawaru
  6640 | D:7      | Reached skill level 9 in Shields
  7941 | D:8      | Reached skill level 10 in Maces & Flails
  7946 | D:8      | Reached * piety under Okawaru
  8340 | D:9      | Reached skill level 11 in Maces & Flails
  8498 | D:8      | Found a snail-covered altar of Cheibriados.
  8520 | D:8      | Reached XP level 10. HP: 53/56 MP: 10/10
  8572 | D:8      | Identified a scroll of acquirement
  8645 | D:8      | Reached ** piety under Okawaru
  9169 | D:8      | Found a white marble altar of Elyvilon.
  9233 | D:9      | Reached skill level 12 in Maces & Flails
  9341 | D:9      | Found a staircase to the Orcish Mines.
  9463 | D:9      | Noticed Pikel
  9663 | D:10     | Entered Level 10 of the Dungeon
 11055 | D:10     | HP: 2/84 [yak (8)]
 11056 | D:10     | Slain by a yak

Action                   |  1- 3 |  4- 6 |  7- 9 | 10-12 || total
-------------------------+-------+-------+-------+-------++-------
Melee: Flail             |   113 |    52 |       |       ||   165
       Whip              |       |   158 |   742 |    16 ||   916
       Hunting sling     |       |       |       |     4 ||     4
 Fire: Hunting sling     |       |       |       |   612 ||   612
Invok: Heroism           |       |       |     2 |    10 ||    12
  Use: Scroll            |       |     2 |    11 |     3 ||    16
       Potion            |       |       |     4 |     1 ||     5
  Eat: Chunk             |     1 |     7 |    19 |     5 ||    32
       Royal jelly       |       |       |     1 |       ||     1
       Bread ration      |       |       |       |     1 ||     1
